[ AOE2 MATCH · #506487312 ]
UnrankedMuisca vs Jurchens
Player's team · WIN
Rival team · LOSS
[ REPLAY ANALYSIS · EXTRACTED FROM THE RECORDED GAME ]
Feudal
9:57
Castle
26:18
Imperial
—
| APM avg | 54.6 |
| APM peak | 97 |
| eAPM avg | 26.0 |
| Villagers / military | 83 / 25 |
Focus
⚔️ 35.4% · 🌾 64.6%
Unknown (2550) ×56 · Archer ×22 · Spearman ×2 · Unknown (2562) ×2 · Skirmisher ×1 · Unknown (2586) ×1
Feudal
8:07
Castle
27:38
Imperial
—
| APM avg | 55.0 |
| APM peak | 92 |
| eAPM avg | 32.0 |
| Villagers / military | 81 / 28 |
Focus
⚔️ 49.6% · 🌾 50.4%
Scout Cavalry ×24 · Unknown (1911) ×22 · Spearman ×2 · Archer ×1 · Cavalry Archer ×1
Match map
Initial resources + every placement click. Lines = walls · curves = elevation contours. ◆ gold · ⬟ stone · ● berries · ✦ relic · ◌ wall gap
Your base· Open — 1t gap
[CL] El Sin Manos's base· ✓ Closed at 27:38 · 32t walls · no gate
Smoothed initial terrain · ◌ = detected wall gap · hover for details
Inputs per minute
— Madeen - - [CL] El Sin Manos
Build order — Madeen
First 150 of 271 actions detected
| 0:00 | Queue | Villager (Male) |
| 0:01 | Queue | Villager (Male) |
| 0:02 | Build | House |
| 0:04 | Build | House |
| 0:07 | Queue | Villager (Male) |
| 0:08 | Queue | Villager (Male) |
| 0:08 | Queue | Villager (Male) |
| 1:28 | Queue | Villager (Male) |
| 1:28 | Queue | Villager (Male) |
| 1:55 | Build | Settlement |
| 1:57 | Queue | Villager (Male) |
| 1:57 | Queue | Villager (Male) |
| 2:24 | Queue | Villager (Male) |
| 2:25 | Queue | Villager (Male) |
| 2:45 | Queue | Villager (Male) |
| 2:45 | Queue | Villager (Male) |
| 2:54 | Queue | Villager (Male) |
| 3:53 | Queue | Villager (Male) |
| 3:54 | Queue | Villager (Male) |
| 4:23 | Queue | Villager (Male) |
| 4:23 | Queue | Villager (Male) |
| 4:42 | Build | Barracks |
| 5:13 | Build | House |
| 5:47 | Queue | Unit 2550 |
| 5:47 | Queue | Unit 2550 |
| 5:53 | Queue | Villager (Male) |
| 5:53 | Queue | Villager (Male) |
| 5:54 | Build | House |
| 6:57 | Queue | Villager (Male) |
| 7:00 | Research | Loom |
| 7:13 | Build | Settlement |
| 7:23 | Research | Feudal Age |
| 7:45 | Queue | Villager (Male) |
| 7:52 | Build | Palisade Wall |
| 7:58 | Build | Palisade Wall |
| 8:57 | Queue | Unit 2550 |
| 9:19 | Build | Barracks |
| 9:57 | Age | Feudal Age |
| 9:59 | Research | Tech 1402 |
| 9:59 | Research | Tech 1402 |
| 10:06 | Queue | Unit 2550 |
| 10:17 | Queue | Villager (Male) |
| 10:19 | Queue | Unit 2550 |
| 10:21 | Build | Farm |
| 10:22 | Queue | Villager (Male) |
| 10:47 | Queue | Unit 2550 |
| 10:59 | Queue | Unit 2550 |
| 11:01 | Queue | Villager (Male) |
| 11:03 | Queue | Unit 2550 |
| 11:14 | Queue | Unit 2550 |
| 11:14 | Queue | Unit 2550 |
| 11:22 | Build | Farm |
| 11:23 | Build | Farm |
| 11:23 | Build | Farm |
| 11:23 | Build | Farm |
| 11:24 | Build | Farm |
| 11:24 | Build | Farm |
| 11:24 | Build | Farm |
| 11:25 | Queue | Villager (Male) |
| 11:45 | Research | Double-Bit Axe |
| 12:14 | Build | Settlement |
| 12:16 | Queue | Villager (Male) |
| 12:27 | Queue | Unit 2550 |
| 12:27 | Queue | Unit 2550 |
| 12:33 | Build | Farm |
| 12:35 | Build | Farm |
| 12:39 | Queue | Villager (Male) |
| 12:54 | Build | Farm |
| 13:11 | Queue | Villager (Male) |
| 13:13 | Queue | Unit 2550 |
| 13:13 | Queue | Unit 2550 |
| 13:18 | Build | Palisade Wall |
| 13:24 | Queue | Villager (Male) |
| 13:34 | Build | Farm |
| 13:38 | Queue | Villager (Male) |
| 14:04 | Queue | Villager (Male) |
| 14:04 | Queue | Villager (Male) |
| 14:07 | Build | Blacksmith |
| 14:10 | Queue | Unit 2550 |
| 14:10 | Queue | Unit 2550 |
| 14:35 | Queue | Villager (Male) |
| 14:36 | Queue | Unit 2550 |
| 14:36 | Queue | Unit 2550 |
| 14:48 | Queue | Villager (Male) |
| 14:56 | Build | House |
| 15:00 | Build | House |
| 15:09 | Queue | Villager (Male) |
| 15:17 | Research | Horse Collar |
| 15:19 | Build | Farm |
| 15:30 | Research | Scale Mail Armor |
| 15:31 | Research | Scale Mail Armor |
| 15:42 | Queue | Unit 2550 |
| 15:42 | Queue | Unit 2550 |
| 15:43 | Queue | Unit 2550 |
| 15:53 | Build | Outpost |
| 16:09 | Queue | Villager (Male) |
| 16:11 | Queue | Villager (Male) |
| 16:14 | Build | Archery Range |
| 16:17 | Queue | Villager (Male) |
| 16:20 | Build | House |
| 16:22 | Build | House |
| 16:30 | Queue | Villager (Male) |
| 16:39 | Queue | Villager (Male) |
| 16:43 | Research | Forging |
| 16:43 | Research | Forging |
| 16:49 | Build | House |
| 16:52 | Build | House |
| 16:53 | Build | House |
| 17:09 | Queue | Unit 2550 |
| 17:09 | Queue | Unit 2550 |
| 17:18 | Queue | Villager (Male) |
| 17:25 | Queue | Villager (Male) |
| 17:41 | Queue | Unit 2550 |
| 17:41 | Queue | Unit 2550 |
| 17:52 | Queue | Villager (Male) |
| 17:58 | Queue | Villager (Male) |
| 18:03 | Queue | Archer |
| 18:03 | Queue | Archer |
| 18:04 | Build | Archery Range |
| 18:15 | Build | Outpost |
| 18:16 | Queue | Villager (Male) |
| 18:17 | Queue | Unit 2550 |
| 18:17 | Queue | Unit 2550 |
| 18:20 | Queue | Archer |
| 18:24 | Build | Farm |
| 18:27 | Build | Farm |
| 18:29 | Queue | Unit 2550 |
| 18:29 | Queue | Unit 2550 |
| 18:40 | Queue | Unit 2550 |
| 18:59 | Queue | Unit 2550 |
| 18:59 | Queue | Unit 2550 |
| 19:10 | Queue | Archer |
| 19:10 | Queue | Archer |
| 19:22 | Queue | Unit 2550 |
| 19:22 | Queue | Unit 2550 |
| 19:57 | Queue | Archer |
| 19:57 | Queue | Archer |
| 19:57 | Queue | Archer |
| 20:00 | Queue | Villager (Male) |
| 20:04 | Build | House |
| 20:05 | Build | Palisade Wall |
| 20:28 | Queue | Unit 2550 |
| 20:29 | Queue | Unit 2550 |
| 20:29 | Queue | Unit 2550 |
| 20:32 | Queue | Villager (Male) |
| 20:33 | Queue | Villager (Male) |
| 20:38 | Research | Fletching |
| 20:38 | Research | Fletching |
| 20:49 | Build | House |
| 20:51 | Build | House |
Build order — [CL] El Sin Manos
First 150 of 254 actions detected
| 0:02 | Queue | Villager (Male) |
| 0:02 | Queue | Villager (Male) |
| 0:02 | Queue | Villager (Male) |
| 0:02 | Build | House |
| 0:04 | Build | House |
| 0:06 | Queue | Villager (Male) |
| 0:06 | Queue | Villager (Male) |
| 1:36 | Queue | Villager (Male) |
| 1:36 | Queue | Villager (Male) |
| 1:50 | Build | Lumber Camp |
| 2:02 | Queue | Villager (Male) |
| 2:02 | Queue | Villager (Male) |
| 2:02 | Queue | Villager (Male) |
| 2:28 | Queue | Villager (Male) |
| 2:50 | Queue | Villager (Male) |
| 2:50 | Queue | Villager (Male) |
| 3:11 | Queue | Villager (Male) |
| 3:25 | Queue | Villager (Male) |
| 3:45 | Queue | Villager (Male) |
| 3:46 | Queue | Villager (Male) |
| 3:50 | Build | House |
| 4:26 | Queue | Villager (Male) |
| 4:28 | Queue | Villager (Male) |
| 4:28 | Queue | Villager (Male) |
| 4:28 | Queue | Villager (Male) |
| 4:33 | Build | Mill |
| 5:17 | Build | Palisade Wall |
| 5:18 | Build | Palisade Wall |
| 5:57 | Research | Feudal Age |
| 5:58 | Research | Feudal Age |
| 6:40 | Build | House |
| 7:25 | Build | Barracks |
| 7:48 | Research | Loom |
| 7:49 | Queue | Villager (Male) |
| 8:07 | Age | Feudal Age |
| 8:15 | Build | Stable |
| 8:25 | Research | Double-Bit Axe |
| 8:44 | Build | House |
| 8:45 | Queue | Spearman |
| 8:59 | Queue | Spearman |
| 9:03 | Queue | Villager (Male) |
| 9:19 | Queue | Villager (Male) |
| 9:28 | Queue | Scout Cavalry |
| 9:43 | Queue | Villager (Male) |
| 10:08 | Build | Farm |
| 10:09 | Queue | Villager (Male) |
| 10:22 | Build | House |
| 10:28 | Build | Archery Range |
| 10:32 | Queue | Villager (Male) |
| 10:48 | Queue | Scout Cavalry |
| 11:05 | Queue | Villager (Male) |
| 11:16 | Queue | Villager (Male) |
| 11:27 | Queue | Scout Cavalry |
| 11:29 | Build | House |
| 11:35 | Build | Mining Camp |
| 11:39 | Queue | Villager (Male) |
| 11:56 | Build | Blacksmith |
| 12:00 | Queue | Villager (Male) |
| 12:03 | Build | House |
| 12:04 | Build | House |
| 12:04 | Build | Palisade Wall |
| 12:18 | Queue | Scout Cavalry |
| 12:18 | Queue | Scout Cavalry |
| 12:43 | Queue | Scout Cavalry |
| 12:52 | Queue | Villager (Male) |
| 12:53 | Build | Farm |
| 13:13 | Queue | Scout Cavalry |
| 13:21 | Queue | Villager (Male) |
| 13:28 | Build | House |
| 13:40 | Queue | Scout Cavalry |
| 13:41 | Queue | Villager (Male) |
| 14:01 | Queue | Villager (Male) |
| 14:17 | Build | House |
| 14:18 | Build | House |
| 14:21 | Build | Palisade Wall |
| 14:30 | Build | Palisade Wall |
| 14:34 | Build | Palisade Wall |
| 14:35 | Build | Palisade Wall |
| 14:40 | Build | Stone Wall |
| 14:41 | Build | Stone Wall |
| 14:42 | Build | Stone Wall |
| 14:53 | Build | Stone Wall |
| 14:55 | Build | Stone Wall |
| 14:56 | Build | Stone Wall |
| 14:57 | Queue | Villager (Male) |
| 15:05 | Build | Stable |
| 15:07 | Research | Bloodlines |
| 15:19 | Build | Farm |
| 15:24 | Queue | Scout Cavalry |
| 15:35 | Queue | Villager (Male) |
| 15:40 | Build | Farm |
| 15:42 | Build | Farm |
| 15:55 | Build | Stone Wall |
| 15:59 | Build | Stone Wall |
| 16:03 | Build | Stone Wall |
| 16:05 | Queue | Villager (Male) |
| 16:11 | Queue | Scout Cavalry |
| 16:14 | Build | Farm |
| 16:19 | Build | Farm |
| 16:22 | Research | Forging |
| 16:33 | Queue | Villager (Male) |
| 16:42 | Queue | Scout Cavalry |
| 16:43 | Queue | Scout Cavalry |
| 16:53 | Build | Market |
| 16:54 | Queue | Villager (Male) |
| 17:11 | Queue | Villager (Male) |
| 17:19 | Queue | Scout Cavalry |
| 17:22 | Build | Palisade Wall |
| 17:42 | Queue | Scout Cavalry |
| 17:48 | Build | Farm |
| 17:53 | Queue | Villager (Male) |
| 17:59 | Build | Farm |
| 18:01 | Build | Farm |
| 18:02 | Build | Farm |
| 18:18 | Queue | Scout Cavalry |
| 18:19 | Queue | Villager (Male) |
| 18:22 | Queue | Scout Cavalry |
| 18:28 | Build | Farm |
| 18:29 | Build | Farm |
| 18:35 | Queue | Scout Cavalry |
| 18:36 | Queue | Villager (Male) |
| 18:50 | Build | Farm |
| 18:51 | Build | Farm |
| 18:55 | Queue | Scout Cavalry |
| 19:10 | Queue | Villager (Male) |
| 19:11 | Queue | Scout Cavalry |
| 19:16 | Queue | Villager (Male) |
| 19:41 | Queue | Scout Cavalry |
| 19:57 | Build | Mill |
| 20:04 | Build | House |
| 20:07 | Queue | Scout Cavalry |
| 20:11 | Queue | Villager (Male) |
| 20:23 | Build | House |
| 20:24 | Build | House |
| 20:29 | Build | Farm |
| 20:32 | Build | Lumber Camp |
| 20:33 | Queue | Villager (Male) |
| 20:41 | Build | Mining Camp |
| 20:50 | Build | Farm |
| 20:57 | Build | Farm |
| 21:03 | Queue | Villager (Male) |
| 21:10 | Build | Stone Wall |
| 21:20 | Queue | Scout Cavalry |
| 21:22 | Queue | Scout Cavalry |
| 21:23 | Queue | Villager (Male) |
| 21:24 | Queue | Archer |
| 21:38 | Research | Horse Collar |
| 21:38 | Research | Horse Collar |
| 21:40 | Queue | Villager (Male) |
| 21:49 | Build | Watch Tower |
Match timeline
| 4:42 | Madeen · first_building Barracks |
| 5:17 | [CL] El Sin Manos · wall_segment Palisade Wall x1 |
| 5:18 | [CL] El Sin Manos · wall_segment Palisade Wall x1 |
| 7:25 | [CL] El Sin Manos · first_building Barracks |
| 7:52 | Madeen · wall_segment Palisade Wall x1 |
| 7:58 | Madeen · wall_segment Palisade Wall x1 |
| 8:07 | [CL] El Sin Manos · age_up feudal |
| 8:15 | [CL] El Sin Manos · first_building Stable |
| 9:57 | Madeen · age_up feudal |
| 10:28 | [CL] El Sin Manos · first_building Archery Range |
| 12:04 | [CL] El Sin Manos · wall_segment Palisade Wall x4 |
| 13:18 | Madeen · wall_segment Palisade Wall x1 |
| 14:21 | [CL] El Sin Manos · wall_segment Palisade Wall x1 |
| 14:30 | [CL] El Sin Manos · wall_segment Palisade Wall x1 |
| 14:34 | [CL] El Sin Manos · wall_segment Palisade Wall x1 |
| 14:35 | [CL] El Sin Manos · wall_segment Palisade Wall x1 |
| 14:40 | [CL] El Sin Manos · wall_segment Stone Wall x1 |
| 14:41 | [CL] El Sin Manos · wall_segment Stone Wall x1 |
| 14:42 | [CL] El Sin Manos · wall_segment Stone Wall x1 |
| 14:53 | [CL] El Sin Manos · wall_segment Stone Wall x1 |
| 14:55 | [CL] El Sin Manos · wall_segment Stone Wall x1 |
| 14:56 | [CL] El Sin Manos · wall_segment Stone Wall x1 |
| 15:55 | [CL] El Sin Manos · wall_segment Stone Wall x1 |
| 15:59 | [CL] El Sin Manos · wall_segment Stone Wall x1 |
| 16:03 | [CL] El Sin Manos · wall_segment Stone Wall x1 |
| 16:14 | Madeen · first_building Archery Range |
| 17:22 | [CL] El Sin Manos · wall_segment Palisade Wall x1 |
| 18:18 | [CL] El Sin Manos · first_market_buy 100 food |
| 20:05 | Madeen · wall_segment Palisade Wall x15 |
| 21:10 | [CL] El Sin Manos · wall_segment Stone Wall x1 |
| 21:36 | [CL] El Sin Manos · first_market_sell 100 wood |
| 22:41 | [CL] El Sin Manos · wall_segment Palisade Wall x4 |
| 22:42 | [CL] El Sin Manos · wall_segment Palisade Wall x2 |
| 24:09 | [CL] El Sin Manos · wall_segment Palisade Wall x2 |
| 24:10 | [CL] El Sin Manos · wall_segment Palisade Wall x1 |
| 24:11 | [CL] El Sin Manos · wall_segment Palisade Wall x1 |
| 24:25 | [CL] El Sin Manos · wall_segment Stone Wall x1 |
| 24:27 | [CL] El Sin Manos · wall_segment Stone Wall x1 |
| 25:14 | [CL] El Sin Manos · wall_segment Stone Wall x1 |
| 25:49 | [CL] El Sin Manos · wall_segment Stone Wall x1 |
| 26:18 | Madeen · age_up castle |
| 27:38 | [CL] El Sin Manos · age_up castle |
| 28:59 | [CL] El Sin Manos · wall_segment Stone Wall x1 |
| 30:26 | Madeen · first_building Castle |
| 33:32 | [CL] El Sin Manos · wall_segment Stone Wall x4 |
| 33:33 | [CL] El Sin Manos · wall_segment Stone Wall x1 |
| 33:37 | [CL] El Sin Manos · wall_segment Stone Wall x7 |
| 34:09 | [CL] El Sin Manos · resign |
[ AI ANALYSIS · 1 CREDIT ]
What really happened in this match?
Wolo.gg analyzes every decision: build order, eco, micro, common mistakes by bracket. Personalized analysis on WhatsApp or Discord in 30 seconds.
Civ guide
Muisca
Perfil
Jugador #259958